[Event "ICC Open 2015"]
[Site "Internet Chess Club"]
[Date "2015.05.29"]
[Round "11"]
[White "Ashtanga"]
[Black "dietcoke"]
[Result "0-1"]
[ICCResult "White forfeits on time"]
[WhiteElo "1841"]
[BlackElo "2197"]
[Opening "QGD: Albin counter-gambit, 5.g3"]
[ECO "D09"]
[NIC "QG.02"]
[Time "21:30:54"]
[TimeControl "180+0"]

1. d4 d5 2. c4 e5 3. dxe5 d4 4. Nf3 Nc6 5. g3 Nge7 6. Bg2 Ng6 7. O-O Ngxe5
8. Nxe5 Nxe5 9. Nd2 Be7 10. Qc2 g6 11. Nf3 Bf5 12. Qa4+ Nc6 13. Nxd4 Qxd4
14. Bxc6+ Bd7 15. Bxd7+ Qxd7 16. Qxd7+ Kxd7 17. Rd1+ Kc6 18. Bf4 Rad8 19.
Rac1 Bf6 20. b3 Bb2 21. Rb1 Bd4 22. Kf1 f5 23. Bg5 Rd7 24. Rd3 h6 25. Rxd4
hxg5 26. Rxd7 Kxd7 27. Kg2 g4 28. f3 gxf3+ 29. exf3 Ke6 30. Re1+ Kf6 31. h4
Rd8 32. Re2 c5 33. Kf2 Rd3 34. Re3 Rd2+ 35. Re2 Rd3 36. Rc2 b6 37. Ke2 Rd7
38. Rd2 Re7+ 39. Kf2 Rb7 40. g4 fxg4 41. fxg4 Ke5 42. Ke3 Rf7 43. Rd5+ Ke6
44. Rg5 Kf6 45. Rd5 Re7+ 46. Kf3 Rf7 47. Ke3 Re7+ 48. Kd3 Re1 49. Kd2 Rg1
50. g5+ Ke7 51. Re5+ Kf7 52. Re2 Rg4 53. Rf2+ Kg7 54. Re2 Kf7 55. Rf2+ Kg7
56. Rh2 Kf7 57. Ke3 Ke6 58. Kf3 Rg1 59. Re2+ Kf5 60. Re7 Rf1+ 61. Kg2 Rf4
62. Rxa7 Rxh4 63. Rb7 Kxg5 64. Rxb6 Rg4+ 65. Kf3 Rf4+ 66. Ke3 Rf5 67. a4 Kh5
68. a5 g5 69. a6 Rf8 70. a7 Ra8 71. Rb7 g4 72. Kf4 Rf8+ 73. Kg3 Ra8 74. Rc7
Kg6 75. Kxg4 Kf6 76. Kf4 Ke6 77. Rxc5 Rxa7 78. Rh5 Kd6 79. b4 Ra4 80. c5+
Kc6 81. Rh6+ Kc7 82. Ke5 Rxb4 83. Kd5 Rb1 84. Rh7+ Kc8 85. Kc6 Kd8 86. Rh8+
Ke7 87. Kc7 Rc1 88. c6 Ke6 89. Re8+ Kd5 90. Rd8+ Kc5 91. Kd7 Kb5 92. c7 Rd1+
93. Kc8 Rc1 {White forfeits on time} 0-1

[Event "ICC Open 2015"]
[Site "Internet Chess Club"]
[Date "2015.05.29"]
[Round "11"]
[White "blackjack721"]
[Black "ZeCarioca"]
[Result "0-1"]
[ICCResult "White checkmated"]
[WhiteElo "1426"]
[BlackElo "1628"]
[Opening "Sicilian defense"]
[ECO "B20"]
[NIC "SI.48"]
[Time "21:31:38"]
[TimeControl "180+0"]

1. e4 c5 2. Bc4 e6 3. c3 Nc6 4. e5 Nxe5 5. Bb3 Nd3+ 6. Kf1 b6 7. Na3 Bb7 8.
Qg4 Nf6 9. Qg5 Qc7 10. Nb5 Qc6 11. Nf3 Qxb5 12. c4 Qc6 13. a4 a5 14. Bc2
Nxc1 15. Rxc1 h6 16. Qg3 d5 17. cxd5 Nxd5 18. b4 axb4 19. Bb3 Ba6+ 20. Kg1
g6 21. Ne5 Qd6 22. Bxd5 Qxd5 23. h4 Bg7 24. Nf3 O-O 25. Rh3 Rfd8 26. Re1 Bd3
27. Qf4 Bf5 28. Rg3 Rxa4 29. h5 b5 30. hxg6 Bxg6 31. Rxg6 fxg6 32. Re3 Qf5
33. Qc7 Ra1+ 34. Kh2 Qh5+ 35. Kg3 Rf8 36. Rxe6 Rxf3+ 37. gxf3 Qg5+ 38. Kh3
Rh1+ 39. Qh2 Qh5+ 40. Kg3 Qxh2+ 41. Kg4 Qh4# {White checkmated} 0-1

[Event "ICC Open 2015"]
[Site "Internet Chess Club"]
[Date "2015.05.29"]
[Round "11"]
[White "f5"]
[Black "noyb"]
[Result "0-1"]
[ICCResult "White checkmated"]
[WhiteElo "2130"]
[BlackElo "1841"]
[Opening "Caro-Kann: classical, Spassky variation"]
[ECO "B19"]
[NIC "CK.12"]
[Time "21:31:41"]
[TimeControl "180+0"]

1. e4 c6 2. Nc3 d5 3. d4 dxe4 4. Nxe4 Bf5 5. Ng3 Bg6 6. h4 h6 7. Nf3 Nd7 8.
h5 Bh7 9. Bd3 Bxd3 10. Qxd3 e6 11. Bf4 Ngf6 12. O-O-O Be7 13. Kb1 O-O 14. c4
Qa5 15. Ne5 Rad8 16. Qe2 Nxe5 17. Bxe5 Nd7 18. Bf4 Nf6 19. f3 Rfe8 20. Be5
c5 21. Ne4 Nxe4 22. Qxe4 cxd4 23. Bxd4 Bf8 24. Bc3 Qc7 25. g4 Rxd1+ 26. Rxd1
Rd8 27. Rd4 b6 28. b3 Rxd4 29. Qxd4 Qg3 30. Qd3 Qg1+ 31. Kc2 Qf2+ 32. Bd2
Bb4 33. Qd8+ Kh7 34. Qd3+ Kg8 35. Qe3 Qg2 36. c5 Bxd2 37. Qxd2 Qxf3 38. cxb6
Qc6+ 39. Kb2 Qxb6 40. a4 Qc7 41. a5 Qe5+ 42. Ka2 Qc7 43. b4 Qc6 44. Qd3 Qg2+
45. Ka3 Qxg4 46. b5 Qxh5 47. Qd8+ Kh7 48. Qd3+ g6 49. a6 Qc5+ 50. Ka4 e5 51.
Qe4 h5 52. Qc6 Qd4+ 53. Ka5 Qd2+ 54. Ka4 Qa2+ 55. Kb4 Qb2+ 56. Ka4 Qa1+ 57.
Kb4 Qe1+ 58. Ka4 e4 59. b6 Qe2 60. Ka5 axb6+ 61. Qxb6 Qa2+ 62. Kb5 Qb3+ 63.
Ka5 Qc3+ 64. Kb5 Qd3+ 65. Ka5 e3 66. a7 e2 67. a8=Q e1=Q+ 68. Ka4 Qed1+ 69.
Qb3 Q3xb3+ 70. Ka5 Qa1# {White checkmated} 0-1

[Event "ICC Open 2015"]
[Site "Internet Chess Club"]
[Date "2015.05.29"]
[Round "11"]
[White "Shafkat"]
[Black "HPG1947"]
[Result "0-1"]
[ICCResult "White forfeits on time"]
[WhiteElo "1551"]
[BlackElo "1730"]
[Opening "Sicilian defense"]
[ECO "B41"]
[NIC "SI.41"]
[Time "21:30:58"]
[TimeControl "180+0"]

1. e4 e6 2. d4 c5 3. Nf3 cxd4 4. Nxd4 Qb6 5. c3 Nc6 6. Nxc6 dxc6 7. Bd3 e5
8. O-O Nf6 9. Nd2 Be6 10. Nc4 Qc7 11. Qe2 h6 12. f4 exf4 13. Bxf4 Qd7 14.
Rad1 Bc5+ 15. Kh1 Qe7 16. Ne5 O-O 17. Bc4 Bxc4 18. Nxc4 Qxe4 19. Qxe4 Nxe4
20. Bg3 Nxg3+ 21. hxg3 Rad8 22. Rxd8 Rxd8 23. Re1 b5 24. Na5 Rd6 25. Nb7 Rd5
26. Nxc5 Rxc5 27. Re8+ Kh7 28. Re7 f6 29. Rxa7 Re5 30. Rc7 Kg6 31. Kg1 h5
32. Rxc6 Re2 {White forfeits on time} 0-1

[Event "ICC Open 2015"]
[Site "Internet Chess Club"]
[Date "2015.05.29"]
[Round "11"]
[White "Parsifal"]
[Black "eddington"]
[Result "1-0"]
[ICCResult "Black resigns"]
[WhiteElo "2410"]
[BlackElo "2157"]
[Opening "QGD: classical variation (5.Bf4)"]
[ECO "D31"]
[NIC "QO.04"]
[Time "21:32:01"]
[TimeControl "180+0"]

1. d4 d5 2. c4 e6 3. Nc3 Be7 4. Nf3 Nf6 5. Bf4 O-O 6. e3 Nbd7 7. Rc1 c5 8.
dxc5 Nxc5 9. cxd5 exd5 10. Be2 Be6 11. O-O Nfe4 12. Nb5 Bf6 13. Nbd4 Qb6 14.
b3 Rfd8 15. h3 Rac8 16. Rc2 h6 17. Qa1 Na6 18. Rxc8 Rxc8 19. Bxa6 Qxa6 20.
Be5 Bxe5 21. Nxe5 Qd6 22. Nd3 Qa3 23. Nf4 Qd6 24. Rc1 Rc5 25. Qb2 Bd7 26.
Rxc5 Qxc5 27. f3 Nf6 28. Kf2 Kf8 29. Nd3 Qc7 30. Qa3+ Kg8 31. Qxa7 Qc3 32.
Nf4 Qd2+ 33. Nfe2 b5 34. a4 bxa4 35. bxa4 Kh7 36. a5 Ba4 37. Qa6 Bd1 38. Qb5
Bxe2 39. Nxe2 Qa2 40. g4 Ng8 41. Qc5 Ne7 42. Qxe7 Qxa5 43. Qxf7 Qd2 44. Qf5+
Kh8 45. h4 Qb2 46. g5 hxg5 47. hxg5 Qb6 48. g6 Qf6 49. Qc8+ {Black resigns}
1-0

[Event "ICC Open 2015"]
[Site "Internet Chess Club"]
[Date "2015.05.29"]
[Round "11"]
[White "supermonkey"]
[Black "brizito"]
[Result "0-1"]
[ICCResult "White resigns"]
[WhiteElo "1846"]
[BlackElo "1675"]
[Opening "Sicilian: Labourdonnais-Löwenthal variation"]
[ECO "B32"]
[NIC "SI.32"]
[Time "21:32:24"]
[TimeControl "180+0"]

1. e4 c5 2. Nf3 Nc6 3. d4 cxd4 4. Nxd4 e5 5. Nb5 a6 6. N5c3 Bc5 7. Nd5 Nf6
8. Bg5 Bxf2+ 9. Kxf2 Nxe4+ 10. Ke2 Qxg5 11. Nc7+ Kd8 12. Nxa8 Nd4+ 13. Ke1
Qe3+ 14. Qe2 Nxe2 15. Bxe2 Qc1+ 16. Bd1 Qxb2 17. Na3 Qxa1 18. Nc4 Qc3+ 19.
Kf1 Qxc4+ 20. Be2 Nd2+ 21. Ke1 Qxc2 22. Kf2 Ne4+ 23. Ke3 d5 24. Nb6 d4+ 25.
Kf3 Ke7 26. Nd5+ Kd6 27. Rd1 Kxd5 28. g3 Ng5+ 29. Kf2 Bh3 30. g4 e4 31. Rg1
e3+ 32. Kg3 Qxe2 33. Kf4 Qf3+ 34. Kxg5 h6+ 35. Kh4 g5+ 36. Kh5 Qf6
{White resigns}
0-1

[Event "ICC Open 2015"]
[Site "Internet Chess Club"]
[Date "2015.05.29"]
[Round "11"]
[White "rookfish"]
[Black "Ernie1"]
[Result "0-1"]
[ICCResult "White checkmated"]
[WhiteElo "1044"]
[BlackElo "1299"]
[Opening "Caro-Kann defense"]
[ECO "B10"]
[NIC "CK.01"]
[Time "21:34:36"]
[TimeControl "180+0"]

1. e4 c6 2. Nf3 d5 3. exd5 cxd5 4. d4 Nf6 5. Bd3 Bg4 6. O-O e6 7. Nc3 Bd6 8.
Bg5 a6 9. Re1 Qc7 10. Nxd5 Nxd5 11. Be4 Bxh2+ 12. Nxh2 Bxd1 13. Bxd5 Bxc2
14. Bxe6 fxe6 15. Rxe6+ Kf8 16. Rae1 Nc6 17. Nf3 Bf5 18. Be7+ Nxe7 19. Rxe7
Qxe7 20. Rxe7 Kxe7 21. Ne5 Rad8 22. g4 Bg6 23. Kg2 Rxd4 24. Kf3 Rhd8 25.
Nxg6+ hxg6 26. Ke3 Rd3+ 27. Ke4 Ke6 28. f4 R8d4# {White checkmated} 0-1

[Event "ICC Open 2015"]
[Site "Internet Chess Club"]
[Date "2015.05.29"]
[Round "11"]
[White "Plantdawg"]
[Black "Capaman"]
[Result "1/2-1/2"]
[ICCResult "Game drawn by repetition"]
[WhiteElo "1803"]
[BlackElo "1984"]
[Opening "Réti opening"]
[ECO "A13"]
[NIC "QP.11"]
[Time "21:33:56"]
[TimeControl "180+0"]

1. Nf3 e6 2. c4 f5 3. h3 Nf6 4. d3 d5 5. cxd5 exd5 6. g3 Bd6 7. Bg2 c6 8.
Bf4 Bxf4 9. gxf4 O-O 10. Nbd2 Nbd7 11. Rc1 Re8 12. O-O Qe7 13. e3 Nf8 14. d4
Ne4 15. Ne5 Nd7 16. Nxe4 Nxe5 17. fxe5 fxe4 18. f4 exf3 19. Qxf3 Be6 20. Qg3
Rf8 21. a3 a6 22. Rc2 Rxf1+ 23. Bxf1 Rf8 24. Rg2 g6 25. Bd3 Bf5 26. Bxf5
Rxf5 27. Qg4 Qf7 28. e4 Rf1+ 29. Kh2 dxe4 30. Qxe4 Qf4+ 31. Qxf4 Rxf4 32.
Rd2 Re4 33. Kg2 Kf7 34. Kf3 Rh4 35. Kg3 g5 36. d5 cxd5 37. Rxd5 Ke6 38. Rd6+
Kxe5 39. Rd7 b6 40. Ra7 Kd5 41. Rxa6 Kc5 42. Ra7 h6 43. Rc7+ Kd6 44. Rc3 Rd4
45. Kf3 Rd2 46. b3 Ra2 47. a4 Rh2 48. Kg3 Rd2 49. Kf3 h5 50. Kg3 Rd5 51. Kf3
Rf5+ 52. Kg3 Rd5 53. Kf3 b5 54. axb5 Rxb5 55. Kg3 Ke5 56. h4 g4 57. Re3+ Kf5
58. Rc3 Rd5 59. Re3 Rd1 60. b4 Rg1+ 61. Kf2 Rb1 62. b5 Rxb5 63. Re8 Rb2+ 64.
Ke3 Rb3+ 65. Kf2 Kf4 66. Rf8+ Ke4 67. Re8+ Kf4 68. Rf8+ Ke4 69. Re8+ Kf5 70.
Rf8+ Ke4 71. Re8+ Kf4 72. Rf8+ Ke4 73. Re8+ Kf4 74. Rf8+ Ke4 75. Re8+ Kf4
76. Rf8+ Ke4 77. Re8+ Kf4 78. Rf8+ {Game drawn by repetition} 1/2-1/2